 Dungeon Crawl Stone Soup version 0.28.0-45-g0d030f2227 (webtiles) character file.

Game seed: 2572102137252024614

40 zeratav the Insei (level 3, -3/23 HPs)
             Began as an Octopode Transmuter on Apr 14, 2022.
             Slain by a gnoll
             ... wielding a +0 club
              (7 damage)
             ... on level 3 of the Dungeon.
             The game lasted 00:01:54 (2161 turns).

zeratav the Insei (Octopode Transmuter)             Turns: 2161, Time: 00:01:55

Health: -3/23      AC:  1    Str:  9    XL:     3   Next: 50%
Magic:  5/6        EV: 13    Int: 15    God:
Gold:   123        SH:  0    Dex: 14    Spells: 5/6 levels left

rFire   . . .      SeeInvis .     - Unarmed
rCold   . . .      Faith    .   (no shield)
rNeg    . . .      Spirit   .   (helmet currently unavailable)
rPois   .          Reflect  .   (no amulet)
rElec   .          Harm     .   (no ring)
rCorr   .          Rampage  .   (no ring)
Will    .....                   (no ring)
Stlth   ++........              (no ring)
HPRegen 0.07/turn               (no ring)
MPRegen 0.10/turn               (no ring)
                                (no ring)
                                (no ring)

@: appendages (expiring)
A: tentacle spike 3, almost no armour, amphibious, 8 rings, camouflage 1,
gelatinous body 1, (nimble swimmer 1), tentacles
a: End Transformation


You were on level 3 of the Dungeon.
One of your tentacles had grown a beastly spike.
You visited 1 branch of the dungeon, and saw 3 of its levels.

You collected 123 gold pieces.


Innate Abilities, Weirdness & Mutations

One of your tentacles has grown a beastly spike.
You cannot wear most types of armour.
You are amphibious.
You can wear up to eight rings at the same time.
Your skin changes colour to match your surroundings (Stealth+).
Your rubbery body absorbs attacks. (AC +1, EV +1)
((You are camouflaged when in or above water. (Stealth+)))
You have tentacles for arms and can constrict up to eight enemies at once.


   Skills:
 - Level 1.0 Fighting
 - Level 2.0 Dodging
 + Level 4.4 Unarmed Combat
 - Level 2.0 Spellcasting
 - Level 2.0 Transmutations


You had 5 spell levels left.
You knew the following spells:

 Your Spells              Type           Power      Damage    Failure   Level
a - Beastly Appendage     Tmut           14%        N/A       10%         1

Your spell library contained the following spells:

 Spells                   Type           Power      Damage    Failure   Level
 Wereblood                Tmut           7%         N/A       14%         2
 Blink                    Tloc           2%         N/A       32%         2
 Ensorcelled Hibernation  Hex/Ice        2%         N/A       32%         2
 Spider Form              Tmut/Pois      4%         N/A       41%         3
 Ice Form                 Ice/Tmut       4%         N/A       82%         4
 Anguish                  Hex/Necr       0%         N/A       91%         4
 Manifold Assault         Tloc           1%         N/A       99%         5
 Storm Form               Tmut/Air       2%         N/A       100%        7

Inventory:

Scrolls
 b - a scroll of blinking {unknown}
 d - a scroll of teleportation {unknown}
 f - a scroll of enchant weapon {unknown}
 g - a scroll of identify {unknown}
Potions
 a - 2 potions of curing {unknown}
 c - a potion of lignification {unknown}
 e - a potion of berserk rage {unknown}

Dungeon Overview and Level Annotations

Branches:
Dungeon (3/15)

Altars:

###### #.†..# #####
#.##.# #...# #.##.# ....
#.##.# ..# #.##.#
#.##g###.####.#..#.#####
.#....g@.....##.#.....##
......#.#######.#..##...
###.####.#######.#..####.
#.#............#.#.....#.
#....###.###.###.#.###.#.
#.##.........#...#.###.#.
#......#######.###.#...##
#....#.........# #.##.##
##.#.....####### #....#


You could see 2 gnolls.


Message History

No target in view!
Your transformation is almost over.
Things that are here:
a +0 dagger {short}; a goblin corpse; HP[+1] MP[+1]
Your hp is fully restored (23).
Your mp is fully restored (6).
You open the door.
There is an open door here.
Your tentacle spike disappears.
You open the door.
There is an open door here.
There is an open door here.
A ball python comes into view.
Casting: Beastly Appendage (safe; 10% risk of failure)
Confirm with . or Enter, or press ? or * to list all spells.
You miscast Beastly Appendage.
You are very lightly contaminated with residual magic.
Nothing appears to happen.
MP[-1]
You lost 1 mp, and now have 5/6 mp.
Casting: Beastly Appendage (safe; 10% risk of failure)
Confirm with . or Enter, or press ? or * to list all spells.
One of your tentacles grows a vicious spike.
MP[-1]
You lost 1 mp, and now have 4/6 mp.
You tentacle-slap the ball python. You grab the ball python.
You pierce the ball python.
You constrict the ball python.
You kill the ball python!
Your transformation is almost over.
Your magical contamination has completely faded away.
Your tentacle spike disappears.
You see here 18 stones {throwing}.
Done exploring.
MP[+2]
Your mp is fully restored (6).
Done exploring.
(D) Dungeon
Where to? (Enter - D:2, ? - help)
There is a stone staircase leading down here.
You climb downwards.
There is a stone staircase leading up here.
A bat comes into view.
Casting: Beastly Appendage (safe; 10% risk of failure)
Confirm with . or Enter, or press ? or * to list all spells.
One of your tentacles grows a vicious spike.
MP[-1]
You lost 1 mp, and now have 5/6 mp.
The helpless bat fails to defend itself.
You tentacle-slap the bat.
You kill the bat!
No target in view!
No target in view!
No target in view!
No target in view!
No target in view!
No target in view!
No target in view!
Your transformation is almost over.
You see here a bat corpse.
Your tentacle spike disappears.
A gnoll comes into view. It is wielding a +0 whip.
The gnoll moves out of view.
MP[+1]
Your mp is fully restored (6).
Casting: Beastly Appendage (safe; 10% risk of failure)
Confirm with . or Enter, or press ? or * to list all spells.
One of your tentacles grows a vicious spike.
MP[-1]
You lost 1 mp, and now have 5/6 mp.
You closely miss the gnoll. You grab the gnoll. You constrict the gnoll.
The gnoll closely misses you.
You tentacle-slap the gnoll. You constrict the gnoll.
A gnoll comes into view. It is wielding a +0 club.
The gnoll hits you with a +0 whip!
HP[-8]
You take 8 damage, and now have 15/23 hp.
MASSIVE DAMAGE!! (PAUSE)
You are too injured to fight recklessly!
You are too injured to fight recklessly!
You barely miss the gnoll. You constrict the gnoll.
The gnoll shouts!
You hear a shout! x2
You tentacle-slap the gnoll.
You pierce the gnoll.
You constrict the gnoll, but do no damage.
The gnoll hits you with a +0 whip!
* * * LOW HITPOINT WARNING * * *
HP[-7]
You take 7 damage, and now have 8/23 hp.
MASSIVE DAMAGE!! (PAUSE)
You tentacle-slap the gnoll.
You kill the gnoll!
Your transformation is almost over.
You barely miss the gnoll. Your grab misses the gnoll.
Your tentacle spike misses the gnoll.
The gnoll hits you with a +0 club.
* * * LOW HITPOINT WARNING * * *
A gnoll comes into view. It is wielding a +0 halberd.
HP[-4]
You take 4 damage, and now have 4/23 hp.
You tentacle-slap the gnoll but do no damage.
Your grab misses the gnoll. Your squeeze misses the gnoll.
The gnoll hits you with a +0 club!
You die...

Skill      XL: |  1  2 |
---------------+-------+-----
Unarmed Combat | 4 |  4.4
Fighting       | |  1.0
Dodging        | |  2.0
Spellcasting   | |  2.0
Transmutations | |  2.0

Action                   || total
-------------------------++-------
Melee: Unarmed           ||    57
       Constrict         ||    13
       Kick              ||     9
       Tentacles         ||     6
       Punch             ||     1
 Cast: Beastly Appendage ||    23
 Stab: Sleeping          ||     7
Dodge: Dodged            ||    26

Levels and vault maps discovered:
D:1:      lemuel_arrival_behind_the_door_small, layout_basic,
          shapermc_ecumenical_altar_petra
D:2:      layout_basic
D:3:      layout_basic, minmay_goblin_kobold_house

Notes
Turn   | Place    | Note
-------+----------+-------------------------------------------
     0 | D:1      | zeratav the Octopode Transmuter began the quest for the
                  | Orb.
     0 | D:1      | Reached XP level 1. HP: 13/13 MP: 3/3
     0 | D:1      | magus.rc [v1.9.6]
   676 | D:1      | You pick up a book of Dreams and begin reading...
   676 | D:1      | You add the spells Ensorcelled Hibernation and Anguish to
                  | your library.
   869 | D:1      | Reached XP level 2. HP: 18/18 MP: 3/5
  1121 | D:1      | You add the spells Blink, Manifold Assault and Storm Form
                  | to your library.
  1135 | D:1      | Found a faded altar of an unknown god.
  1631 | D:2      | Reached skill level 4 in Unarmed Combat
  1664 | D:2      | Reached XP level 3. HP: 13/23 MP: 6/6
  2160 | D:3      | HP: 4/23 [gnoll/+0 club (4)]
  2161 | D:3      | Slain by a gnoll

Vanquished Creatures
  A gnoll (D:3)
  3 ball pythons
  4 endoplasms
  2 giant cockroaches (D:2)
  2 goblins (D:2)
  6 hobgoblins
  2 quokkas
  2 bats
  3 frilled lizards
  3 rats (D:2)
28 creatures vanquished.

Table legend:
 A = Non-vault XP
 B = Vault XP
 C = Vault XP percentage of total XP
 D = Non-vault monster count
 E = Vault monster count
 F = Vault count percentage of total count
                 A         B        C        D         E       F
            +---------+---------+-------+---------+---------+-------
      Total |      58 |       0 |   0.0 |      28 |       0 |   0.0
            +---------+---------+-------+---------+---------+-------
        D:1 |      11 |       0 |   0.0 |       6 |       0 |   0.0
        D:2 |      32 |       0 |   0.0 |      20 |       0 |   0.0
        D:3 |      15 |       0 |   0.0 |       2 |       0 |   0.0
            +---------+---------+-------+---------+---------+-------

Illustrated notes

Table legend:
 A = Kills in this place as a percentage of kills in entire the game.
 B = Kills by you in this place as a percentage of kills by you in the entire game.
 C = Kills by friends in this place as a percentage of kills by friends in the entire game.
 D = Other kills in this place as a percentage of other kills in the entire game.
 E = Experience gained in this place as a percentage of experience gained in the entire game.
 F = Experience gained in this place divided by the number of levels of this place that you have seen.
                   A       B       C       D       E      F
               +-------+-------+-------+-------+-------+----------------------
         Total | 100.0 | 100.0 |   N/A |   N/A | 100.0 |  19.3
       Dungeon | 100.0 | 100.0 |   N/A |   N/A | 100.0 |  19.3
               +-------+-------+-------+-------+-------+----------------------

Table legend: (Time is in decaauts)
 A = Elapsed time spent in this place.
 B = Non-inter-level travel time spent in this place.
 C = Inter-level travel time spent in this place.
 D = Time resting spent in this place.
 E = Time spent auto-exploring this place.
 F = Levels seen in this place.
 G = Mean time per level.
                   A        B        C        D        E       F      G
               +--------+--------+--------+--------+--------+-----+--------+
         Total |   2156 |   2109 |     47 |    174 |   1733 |   3 |  718.7 |
       Dungeon |   2156 |   2109 |     47 |    174 |   1733 |   3 |  718.7 |
               +--------+--------+--------+--------+--------+-----+--------+

Top non-repeatable levels by time:
     D:1: 1292 daAuts
     D:2: 774 daAuts
     D:3: 90 daAuts
